 Dungeon Crawl Stone Soup version 0.21-a0-314-gb3271ec (webtiles) character file.

525 vishdafish the Covered (level 7, 0/44 HPs)
             Began as a Gargoyle Fighter on Sept 29, 2017.
             Slain by a two-headed ogre
             ... wielding a +0 giant club
              (9 damage)
             ... on level 5 of the Dungeon.
             The game lasted 00:07:18 (3151 turns).

vishdafish the Covered (Gargoyle Fighter)           Turns: 3151, Time: 00:07:19

Health: 0/44       AC: 14    Str: 20    XL:     7   Next: 23%
Magic:  7/7        EV:  7    Int: 10    God:
Gold:   212        SH:  9    Dex:  9    Spells: 6/6 levels left

rFire    . . .     SeeInvis .   a - +0 flail
rCold    . . .     Gourm    .   c - +0 shield
rNeg     + . .     Faith    .   b - +0 scale mail
rPois    ∞         Spirit   .   s - +0 helmet
rElec    +         Reflect  .   m - +0 cloak
rCorr    .         Harm     .   (no gloves)
MR       .....                  (no boots)
Stlth    ..........             (no amulet)
HPRegen  0.14/turn              (no ring)
MPRegen  0.10/turn              (no ring)

@: no status effects
A: negative energy resistance 1, electricity resistance, unbreathing,
petrification resistance, rot immunity, AC +4
a: no special abilities


You were on level 5 of the Dungeon.
You were hungry.

You visited 1 branch of the dungeon, and saw 5 of its levels.

You collected 212 gold pieces.

Inventory:

Hand Weapons
 a - a +0 flail (weapon)
Armour
 b - a +0 scale mail (worn)
 c - a +0 shield (worn)
 m - a +0 cloak (worn)
 s - a +0 helmet (worn)
Scrolls
 e - 8 scrolls of identify {unknown}
 i - 3 scrolls of remove curse
 j - a scroll of magic mapping {unknown}
 k - a scroll of immolation {unknown}
 l - 2 scrolls of amnesia {unknown}
 p - a scroll of enchant weapon {unknown}
 q - a scroll of teleportation {unknown}
Potions
 d - a potion of lignification {unknown}
 g - a potion of degeneration {unknown}
 n - a potion of brilliance {unknown}
 o - a potion of cancellation {unknown}
Comestibles
 f - 2 bread rations
 h - a meat ration
 r - a royal jelly


   Skills:
 + Level 4.9 Fighting
 * Level 4.9 Maces & Flails
 + Level 5.0 Armour
 + Level 4.8 Shields


You had 6 spell levels left.
You didn't know any spells.

Dungeon Overview and Level Annotations

Branches:
Dungeon (5/15)
 Temple: D:4-7

Altars:
Cheibriados
Fedhas
Makhleb
Nemelex Xobeh
Sif Muna
Vehumet
Wu Jian
The Shining One

Annotations:
D:4 Pikel


Innate Abilities, Weirdness & Mutations

You are resistant to torment.
Your stone body is resilient. (AC +4)
You are immune to poison.
You resist negative energy. (rN+)
You are resistant to electric shocks. (rElec)
You can survive without breathing.
You are immune to petrification.
You are immune to rotting.


Message History

You block the slave's attack.
You sock the two-headed ogre!
The two-headed ogre is heavily wounded.
The two-headed ogre closely misses you. The two-headed ogre barely misses you.
The slave barely misses you.
You hit the two-headed ogre.
The two-headed ogre is severely wounded.
The two-headed ogre hits you with a giant club!
The two-headed ogre hits you with a giant spiked club.
You block the slave's attack.
You closely miss the two-headed ogre.
The two-headed ogre is severely wounded.
The slave hits you but does no damage. The two-headed ogre barely misses you.
The two-headed ogre hits you with a giant spiked club!
* * * LOW HITPOINT WARNING * * *
The slave barely misses you.
You barely miss the two-headed ogre.
The two-headed ogre is severely wounded.
The two-headed ogre hits you with a giant club!
You die...

### # ##.### #
##....### #
##.......## #
#.p.......## ##
+@...#.....######8
#.O..##......##...
##...##.#.........
##..######.......
##.# #######. ###
## #


You could see a two-headed ogre and a slave.

Vanquished Creatures
  Grinder (D:3)
  An ogre (D:4)
  A howler monkey (D:2)
  A worker ant (D:4)
  5 gnolls
  4 adders
  An ooze (D:3)
  2 worms
  4 dart slugs (D:2)
  3 leopard geckos
  5 orcs (D:3)
  3 ball pythons
  3 giant cockroaches
  7 goblins
  7 hobgoblins
  2 quokkas
  13 bats
  3 frilled lizards
  3 kobolds
  A leopard gecko skeleton (D:4)
  4 rats
74 creatures vanquished.

Notes
Turn   | Place    | Note
-------+----------+-------------------------------------------
     0 | D:1      | vishdafish the Gargoyle Fighter began the quest for the Orb.
     0 | D:1      | Reached XP level 1. HP: 14/14 MP: 1/1
   138 | D:1      | Reached XP level 2. HP: 18/19 MP: 2/2
   604 | D:1      | Reached XP level 3. HP: 4/23 MP: 3/3
  1057 | D:2      | Found a faded altar of an unknown god.
  1256 | D:2      | Found a snail-covered altar of Cheibriados.
  1279 | D:2      | Reached XP level 4. HP: 24/28 MP: 4/4
  1334 | D:2      | Reached skill level 4 in Armour
  1444 | D:2      | Reached XP level 5. HP: 29/33 MP: 5/5
  1589 | D:3      | Noticed Grinder
  1640 | D:3      | Paralysed by Grinder for 5 turns
  1656 | D:3      | Killed Grinder
  1656 | D:3      | Reached XP level 6. HP: 3/39 MP: 6/6
  2085 | D:3      | Found a blossoming altar of Fedhas.
  2097 | D:3      | Found a sparkling altar of Nemelex Xobeh.
  2256 | D:3      | Found a deep blue altar of Sif Muna.
  2271 | D:3      | Found an ornate altar of the Wu Jian Council.
  2597 | D:3      | Found a radiant altar of Vehumet.
  2773 | D:4      | Found a burning altar of Makhleb.
  2833 | D:4      | Reached skill level 5 in Armour
  2833 | D:4      | Reached XP level 7. HP: 44/44 MP: 7/7
  3016 | D:4      | Noticed a two-headed ogre
  3042 | D:4      | Noticed Pikel
  3073 | D:5      | Entered Level 5 of the Dungeon
  3096 | D:5      | Found a glowing golden altar of the Shining One.
  3151 | D:5      | Slain by a two-headed ogre

Vault maps used:
D:1:      dpeg_arrival_simpleton_c
D:2:      kennysheep_slug_shrine, chequers_ecumenical_altar_simple_redux,
          first_bread
D:3:      marbit_many_paths, nicolae_overflow_quartered_altars, uniq_grinder
D:4:      nicolae_overflow_hidden_temple, minmay_temple_entry_hall, uniq_pikel
D:5:      grunt_decor_resistance, nicolae_tso_carved_into_rock,
          uniq_crazy_yiuf_cottage

Skill      XL: |  1  2  3  4  5  6 |
---------------+-------------------+-----
Maces & Flails | 3 4 |  4.9
Armour         | 4 5 |  5.0
Shields        | 4 |  4.8
Fighting       | 4 |  4.9

Action                   |  1- 3 |  4- 6 |  7- 9 || total
-------------------------+-------+-------+-------++-------
Melee: Flail             |   160 |   146 |    53 ||   359
Throw: Tomahawk          |       |     1 |     3 ||     4
  Use: Potion            |     1 |     1 |       ||     2
       Scroll            |       |     1 |       ||     1
  Eat: Chunk             |     2 |     5 |       ||     7
Armor: Scale mail        |   142 |    76 |    31 ||   249
Dodge: Dodged            |    72 |    41 |    28 ||   141
Block: Shield            |   124 |    72 |    38 ||   234

Table legend:
 A = Spawn XP
 B = Non-spawn XP
 C = Spawn XP percentage of total XP
 D = Spawn monster count
 E = Non-spawn monster count
 F = Spawn count percentage of total count
 G = Total turns spent on level
                    A         B        C        D         E        F      G
               +---------+---------+-------+---------+---------+-------+---------
         Total |       0 |     751 |   0.0 |       0 |      74 |   0.0 |  3151
               +---------+---------+-------+---------+---------+-------+---------
           D:1 |       0 |      47 |   0.0 |       0 |      19 |   0.0 |  1051
           D:2 |       0 |     119 |   0.0 |       0 |      21 |   0.0 |   773
           D:3 |       0 |     346 |   0.0 |       0 |      21 |   0.0 |   949
           D:4 |       0 |     237 |   0.0 |       0 |      12 |   0.0 |   302
           D:5 |       0 |       2 |   0.0 |       0 |       1 |   0.0 |    76
               +---------+---------+-------+---------+---------+-------+---------
